 Dungeon Crawl Stone Soup version 0.25.1-2-g60ff931df9 (webtiles) character file.

Game seed: 18359122740346652368

434 kamnev the Skirmisher (level 7, -2/44 HPs)
             Began as a Gargoyle Fighter on Nov 2, 2020.
             Slain by an orc warrior
             ... wielding a cursed -2 glaive
              (4 damage)
             ... on level 6 of the Dungeon on Nov 7, 2020.
             The game lasted 00:11:06 (3358 turns).

kamnev the Skirmisher (Gargoyle Fighter)            Turns: 3358, Time: 00:11:06

Health: -2/44      AC: 15    Str: 21    XL:     7   Next: 0%
Magic:  7/7        EV:  8    Int:  9    God:
Gold:   180        SH:  9    Dex:  9    Spells: 6/6 levels left

rFire    . . .     SeeInvis +   g - +1 whip (venom)
rCold    . . .     Gourm    .   c - +0 kite shield
rNeg     + . .     Faith    .   b - +0 scale mail
rPois    ∞         Spirit   .   h - +0 helmet (curse)
rElec    +         Reflect  .   d - +0 cloak
rCorr    .         Harm     .   r - +0 pair of gloves
MR       .....                  (no boots)
Stlth    ..........             (no amulet)
HPRegen  0.14/turn              v - ring of see invisible
MPRegen  0.10/turn              (no ring)

@: no status effects
A: negative energy resistance 1, electricity resistance, unbreathing,
petrification resistance, rot immunity, AC +4
a: no special abilities


You were on level 6 of the Dungeon.
You were hungry.

You visited 1 branch of the dungeon, and saw 5 of its levels.

You collected 180 gold pieces.

Inventory:

Hand Weapons
 a - a +0 flail
 g - a +1 whip of venom (weapon)
Missiles
 k - 2 boomerangs (quivered)
Armour
 b - a +0 scale mail (worn)
 c - a +0 kite shield (worn)
 d - a +0 cloak (worn)
 h - a cursed +0 helmet (worn)
 r - a +0 pair of gloves (worn)
Jewellery
 v - a ring of see invisible (left hand)
Wands
 p - a wand of digging (5)
 x - a wand of polymorph (5)
Scrolls
 l - a scroll of enchant weapon {unknown}
 m - a scroll of noise {unknown}
 n - 2 scrolls of identify {unknown}
 o - a scroll of teleportation {unknown}
 s - a scroll of magic mapping {unknown}
 t - a scroll of fog
 w - a scroll of remove curse {unknown}
Potions
 e - a potion of degeneration {unknown}
 i - a potion of mutation {unknown}
 j - 2 potions of curing {unknown}
 q - a potion of lignification {unknown}
 u - a potion of brilliance {unknown}
Comestibles
 f - 8 rations


   Skills:
 + Level 4.5 Fighting
 * Level 4.4 Maces & Flails
 + Level 4.4 Armour
 + Level 2.1 Dodging
 + Level 4.4 Shields


You had 6 spell levels left.
You didn't know any spells.
Your spell library was empty.

Dungeon Overview and Level Annotations

Branches:
Dungeon (4/15)
 Temple: D:4-7

Altars:
Cheibriados


Innate Abilities, Weirdness & Mutations

You are resistant to torment.
Your stone body is resilient. (AC +4)
You are immune to poison.
You resist negative energy. (rN+)
You are resistant to electric shocks. (rElec)
You can survive without breathing.
You are immune to petrification.
You are immune to rotting.


Message History

Found an encrusted bone wand.
You see here a wand of polymorph (5).
x - a wand of polymorph (5)
You hit the orc.
The orc is severely wounded.
You block the orc's attack.
You hit the orc.
You kill the orc!
You block the orc warrior's attack.
Things that are here:
a +0 short sword; a +0 scale mail; an orc corpse You barely miss the orc warrior.
The orc warrior hits you with a cursed -2 glaive!
You hit the orc warrior but do no damage.
The orc warrior is poisoned.
The orc warrior hits you with a cursed -2 glaive!
* * * LOW HITPOINT WARNING * * *
You closely miss the orc warrior.
The orc warrior hits you from afar with a cursed -2 glaive.
You die...

#### #....#
###>#.#
#...#.####
#.#......#
#.##.###.#
###........#
.......#h#####
.####.##o#
#.@).# ######


You could see an orc warrior (very poisoned).

Vanquished Creatures
  A centaur (D:6)
  2 bullfrogs (D:6)
  Crazy Yiuf (D:3)
  An orc priest (D:6)
  An orc wizard (D:6)
  Ijyb (D:3)
  4 adders
  An ooze (D:2)
  3 dart slugs
  4 orcs
  3 bats
  6 giant cockroaches
  5 goblins
  6 hobgoblins
  11 jackals
  A quokka (D:3)
  2 ball pythons
  3 frilled lizards
  5 kobolds
  8 rats
69 creatures vanquished.

Notes
Turn   | Place    | Note
-------+----------+-------------------------------------------
     0 | D:1      | kamnev the Gargoyle Fighter began the quest for the Orb.
     0 | D:1      | Reached XP level 1. HP: 14/14 MP: 1/1
   311 | D:1      | Reached XP level 2. HP: 19/19 MP: 2/2
   728 | D:2      | Found a snail-covered altar of Cheibriados.
   763 | D:2      | Reached XP level 3. HP: 23/23 MP: 3/3
  1170 | D:2      | Reached skill level 1 in Dodging
  1461 | D:2      | Reached XP level 4. HP: 26/29 MP: 4/4
  1583 | D:3      | Noticed Ijyb
  1598 | D:3      | Killed Ijyb
  1955 | D:3      | Found a runed translucent door.
  1956 | D:3      | Noticed Crazy Yiuf
  1965 | D:3      | Killed Crazy Yiuf
  1965 | D:3      | Reached XP level 5. HP: 27/33 MP: 5/5
  2397 | D:4      | Noticed an ogre
  2807 | D:4      | You fall into a shaft and drop 2 floors!
  2948 | D:6      | Noticed a centaur
  2966 | D:6      | Reached XP level 6. HP: 32/38 MP: 6/6
  3289 | D:6      | Noticed an orc warrior
  3317 | D:6      | Reached XP level 7. HP: 20/44 MP: 7/7
  3356 | D:6      | HP: 2/44 [orc warrior/cursed -2 glaive (15)]
  3358 | D:6      | Slain by an orc warrior

Illustrated notes

Levels and vault maps discovered:
D:1:      lemuel_arrival_river_bridge, layout_loops_ring
D:2:      layout_basic, lemuel_round_altar, minmay_split_cup_small
D:3:      layout_basic, uniq_ijyb, uniq_crazy_yiuf_cottage
D:4:      layout_loops_ring, minmay_temple_entry_tees, serial_glass,
          glass_columns_b, glass_columns_a, glass_columns_a, glass_columns_b,
          glass_columns_a, glass_columns_a, glass_columns_a, glass_columns_a,
          glass_columns_c, glass_columns_a, first_ration
D:6:      layout_basic, uniq_pikel

Skill      XL: |  1  2  3  4  5  6 |
---------------+-------------------+-----
Dodging        | 1 2 |  2.1
Maces & Flails | 3 4 |  4.4
Fighting       | 4 |  4.5
Armour         | 4 |  4.4
Shields        | 4 |  4.4

Action                   |  1- 3 |  4- 6 |  7- 9 || total
-------------------------+-------+-------+-------++-------
Melee: Whip              |    89 |   160 |     5 ||   254
  Use: Potion            |       |     1 |       ||     1
       Scroll            |       |     1 |       ||     1
  Eat: Chunk             |     2 |     5 |       ||     7
Armor: Scale mail        |    33 |    69 |     1 ||   103
Dodge: Dodged            |    21 |    51 |       ||    72
Block: Kite shield       |    35 |    79 |     2 ||   116
